 Dungeon Crawl Stone Soup version 0.29.1-15-g9cfb28693d (webtiles) character file.

Game seed: 5720827069993130092

39 Calibrex the Sneak (level 3, -1/31 HPs)
             Began as a Gnoll Wanderer on Mar 25, 2023.
             Slain by a jackal (3 damage)
             ... on level 1 of the Dungeon.
             The game lasted 00:03:12 (1163 turns).

Calibrex the Sneak (Gnoll Wanderer)                 Turns: 1163, Time: 00:03:13

Health: -1/31      AC:  2    Str:  9    XL:     3   Next: 47%
Magic:  6/7        EV: 11    Int: 11    God:
Gold:   40         SH:  0    Dex: 15    Spells: 6/7 levels left

rFire   . . .      SeeInvis .   a - +1 dagger
rCold   . . .      Faith    .   (no shield)
rNeg    . . .      Spirit   .   e - +0 robe
rPois   .          Reflect  .   (helmet currently unavailable)
rElec   .          Harm     .   (no cloak)
rCorr   .          Rampage  .   (no gloves)
Will    .....                   (boots currently unavailable)
Stlth   +++.......              (no amulet)
HPRegen 0.10/turn               (no ring)
MPRegen 0.10/turn               (no ring)

@: appendages (expiring)
A: horns 2, talons 2, fangs 1, strong nose, distributed training
a: End Transformation


You were on level 1 of the Dungeon.
You had temporarily grown beastly horns and talons.
You visited 1 branch of the dungeon, and saw 1 of its levels.

You collected 40 gold pieces.

Inventory:

Hand Weapons
 a - a +1 dagger (weapon)
Missiles
 b - an atropa-tipped dart
 c - 2 datura-tipped darts
Armour
 e - a +0 robe (worn)
Scrolls
 f - a scroll of enchant weapon {unknown}
 g - a scroll of noise {unknown}
Potions
 d - a potion of attraction


   Skills:
 + Level 4.5 Fighting
 + Level 0.9 Short Blades
 + Level 0.9 Long Blades
 + Level 0.9 Axes
 + Level 0.9 Maces & Flails
 + Level 0.9 Polearms
 + Level 0.9 Staves
 + Level 0.9 Ranged Weapons
 + Level 0.9 Throwing
 + Level 4.5 Armour
 + Level 0.9 Dodging
 + Level 6.0 Stealth
 + Level 0.9 Shields
 + Level 0.9 Unarmed Combat
 + Level 2.8 Spellcasting
 + Level 0.6 Conjurations
 + Level 0.6 Hexes
 + Level 0.6 Summonings
 + Level 0.6 Necromancy
 + Level 0.6 Translocations
 + Level 2.1 Transmutations
 + Level 0.6 Fire Magic
 + Level 0.6 Ice Magic
 + Level 0.6 Air Magic
 + Level 0.6 Earth Magic
 + Level 0.6 Poison Magic
 + Level 2.7 Invocations
 + Level 0.9 Evocations


You had 6 spell levels left.
You knew the following spells:

 Your Spells              Type           Power      Damage    Failure   Level
a - Beastly Appendage     Tmut           12%        N/A       11%         1

Your spell library contained the following spells:

 Spells                   Type           Power      Damage    Failure   Level
 Ignite Poison            Fire/Tmut/Pois 4%         N/A       45%         3


Dungeon Overview and Level Annotations

Branches:
Dungeon (1/15)

Altars:


Innate Abilities, Weirdness & Mutations

You have temporarily grown beastly horns and talons.
You have very sharp teeth.
Your uncanny sense of smell can sniff out nearby items.
Your experience applies equally to all skills.


Message History

You are too injured to fight recklessly!
You are too injured to fight recklessly!
Unknown command.
You are too injured to fight recklessly!
You are too injured to fight recklessly!
You closely miss the hobgoblin. The jackal barely misses you.
The hobgoblin hits you. The jackal closely misses you.
You barely miss the hobgoblin. The hobgoblin hits you.
* * * LOW HITPOINT WARNING * * *
The jackal pauses to sniff the ground.
The jackal bites you but does no damage.
You hit the hobgoblin but do no damage. The jackal closely misses you.
The hobgoblin misses you.
There are no items here.
There are no items here.
Casting: Beastly Appendage (safe; 11% risk of failure)
Press: ? - help, Q - select action, (/) - cycle Dir - look around, f - activate You grow a pair of large bovine horns.
Your feet morph into talons.
Your transformation is almost over.
The jackal bites you.
* * * LOW HITPOINT WARNING * * *
The hobgoblin hits you.
* * * LOW HITPOINT WARNING * * *
The jackal misses you.
You hit the hobgoblin.
You claw the hobgoblin, but do no damage.
The hobgoblin is moderately wounded.
The hobgoblin barely misses you.
The jackal bites you but does no damage.
You hit the hobgoblin.
You kill the hobgoblin!
The jackal barely misses you.
You hit the jackal but do no damage. The jackal bites you.
* * * LOW HITPOINT WARNING * * *
You hit the jackal but do no damage. You claw the jackal, but do no damage.
You headbutt the jackal, but do no damage.
The jackal bites you.
* * * LOW HITPOINT WARNING * * *
The jackal bites you.
You die...

##......
#....# ....
.#### #....#
...
.....##....#
.#
...........#
.####
#.........)#
....#
#....#....#
....#
#....#....#
....####
##.........#
##......
.......@...#
....##
##....††h#.#
.#.##
#####...#.#
.#..#
.......
..#..#
....#.#.#
.......
.....#..
#.##.###
......#...
.# ..
#......!....
.# .#


You could see a jackal.

Vanquished Creatures
  A gnoll (D:1)
  A dart slug (D:1)
  3 ball pythons (D:1)
  6 bats (D:1)
  A giant cockroach (D:1)
  A hobgoblin (D:1)
  A jackal (D:1)
  2 quokkas (D:1)
  A frilled lizard (D:1)
  5 goblins (D:1)
  2 kobolds (D:1)
  A rat (D:1)
25 creatures vanquished.

Notes
Turn   | Place    | Note
-------+----------+-------------------------------------------
     0 | D:1      | Calibrex the Gnoll Wanderer began the quest for the Orb.
     0 | D:1      | Calibrex set off with the following items: a +1 dagger, an
                  | atropa-tipped dart, 2 datura-tipped darts, a potion of
                  | attraction, a +0 robe; and the following spell memorised:
                  | Beastly Appendage; and the following spells available to
                  | memorise: Ignite Poison.
     0 | D:1      | Reached XP level 1. HP: 20/20 MP: 4/4
    74 | D:1      | Reached XP level 2. HP: 17/26 MP: 2/5
   470 | D:1      | Reached XP level 3. HP: 6/31 MP: 5/7
  1036 | D:1      | Reached skill level 6 in Stealth
  1163 | D:1      | Slain by a jackal

Illustrated notes

Levels and vault maps discovered:
D:1:      shiori_shiawase, layout_rooms

Skill      XL: |  1  2  3 |
---------------+----------+-----
Transmutations | 2 |  2.1
Stealth        | 6 |  6.0
Fighting       | |  4.5
Short Blades   | |  0.9
Long Blades    | |  0.9
Axes           | |  0.9
Maces & Flails | |  0.9
Polearms       | |  0.9
Staves         | |  0.9
Ranged Weapons | |  0.9
Throwing       | |  0.9
Armour         | |  4.5
Dodging        | |  0.9
Shields        | |  0.9
Unarmed Combat | |  0.9
Spellcasting   | |  2.8
Conjurations   | |  0.6
Hexes          | |  0.6
Summonings     | |  0.6
Necromancy     | |  0.6
Translocations | |  0.6
Fire Magic     | |  0.6
Ice Magic      | |  0.6
Air Magic      | |  0.6
Earth Magic    | |  0.6
Poison Magic   | |  0.6
Invocations    | |  2.7
Evocations     | |  0.9

Action                   || total
-------------------------++-------
Melee: Dagger            ||    89
       Kick              ||     5
       Headbutt          ||     2
       Bite              ||     4
 Cast: Beastly Appendage ||     3
 Stab: Sleeping          ||     3
Armor: Robe              ||    30
Dodge: Dodged            ||    74
